 Dungeon Crawl Stone Soup version 0.20.0-10-g0535bb4 (webtiles) character file.

168 Gorglomux the Insei (level 5, -5/36 HPs)
             Began as an Octopode Transmuter on June 5, 2017.
             Slain by an iguana (14 damage)
             ... on level 4 of the Dungeon.
             The game lasted 00:03:57 (3342 turns).

Gorglomux the Insei (Octopode Transmuter)           Turns: 3342, Time: 00:03:57

Health: -5/36      AC:  1    Str:  9    XL:     5   Next: 49%
Magic:  15/17      EV: 13    Int: 17    God:
Gold:   73         SH:  0    Dex: 12    Spells: 2/8 levels left

rFire    . . .     SeeInvis .     - Unarmed
rCold    . . .     Gourm    .   (no shield)
rNeg     . . .     Faith    .   (helmet restricted)
rPois    .         Spirit   .   (no amulet)
rElec    .         Reflect  .   N - ring of magical power
rCorr    .         Harm     .   (no ring)
MR       .....                  (no ring)
Stlth    ++........             (no ring)
Regen    0.2/turn               (no ring)
MPRegen  0.2/turn               (no ring)
                                (no ring)
                                (no ring)

@: very slightly contaminated
A: almost no armour, stealthy swim, amphibious, 8 rings, constrict 8, camouflage
1, gelatinous body 1
a: no special abilities


You were on level 4 of the Dungeon.
You were very hungry.

You visited 1 branch of the dungeon, and saw 4 of its levels.

You collected 73 gold pieces.

Inventory:

Missiles
 a - 11 arrows
Jewellery
 N - a ring of magical power (left tentacle)
Scrolls
 g - 5 scrolls of identify {unknown}
 h - 2 scrolls of teleportation {unknown}
 i - 4 scrolls of remove curse {unknown}
 l - a scroll of amnesia {unknown}
 B - a scroll of magic mapping {unknown}
 D - a scroll of enchant armour {unknown}
 I - a scroll of recharging {unknown}
 J - a scroll of fear {unknown}
 Q - a scroll of enchant weapon {unknown}
Potions
 j - a potion of ambrosia {unknown}
 A - 2 potions of might {unknown}
 E - a potion of brilliance {unknown}
 F - 2 potions of degeneration {unknown}
 L - a potion of cancellation {unknown}
 M - a potion of lignification {unknown}
 O - a potion of flight {unknown}
 P - a potion of heal wounds {unknown}
Books
 b - a book of Changes

   Spells                             Type                      Level
   a - Beastly Appendage              Transmutation                1
   b - Sticks to Snakes               Transmutation                2
   c - Spider Form                    Transmutation/Poison         3
   d - Ice Form                       Ice/Transmutation            4
   e - Blade Hands                    Transmutation                5
 K - a book of Minor Magic

   Spells                             Type                      Level
   a - Magic Dart                     Conjuration                  1
   b - Blink                          Translocation                2
   c - Call Imp                       Summoning                    2
   d - Slow                           Hexes                        2
   e - Conjure Flame                  Conjuration/Fire             3
   f - Mephitic Cloud                 Conjuration/Poison/Air       3
Comestibles
 c - 4 bread rations
 z - 2 meat rations
 H - 2 royal jellies


   Skills:
 - Level 3.0 Fighting
 - Level 2.0 Dodging
 + Level 4.6 Unarmed Combat
 + Level 2.0 Spellcasting
 + Level 2.0 Transmutations
 - Level 2.4 Poison Magic


You had 2 spell levels left.
You knew the following spells:

 Your Spells              Type           Power        Failure   Level  Hunger
a - Beastly Appendage     Tmut           #.....       9%          1    #......
b - Sticks to Snakes      Tmut           #.......     13%         2    ###....
c - Spider Form           Tmut/Pois      #.........   22%         3    ###....


Dungeon Overview and Level Annotations

Branches:
Dungeon (4/15)
 Temple: D:4-7

Altars:
Makhleb
Okawaru


Innate Abilities, Weirdness & Mutations

You cannot wear most types of armour.
You are very stealthy in the water. (Stealth+)
You are amphibious.
You can wear up to eight rings at the same time.
You can use your tentacles to constrict eight enemies at once.
Your skin changes colour to match your surroundings (Stealth+).
Your rubbery body absorbs attacks. (AC +1, EV +1)


Message History

You constrict the iguana. The iguana barely misses you.
You tentacle-slap the iguana but do no damage.
The iguana is heavily wounded.
You constrict the iguana, but do no damage.
The iguana bites you.
You tentacle-slap the iguana.
The iguana is severely wounded.
You constrict the iguana. The iguana bites you!
You are too injured to fight recklessly!
You are too injured to fight recklessly!
You are too injured to fight recklessly!
You tentacle-slap the iguana but do no damage.
The iguana is severely wounded.
You constrict the iguana. The iguana bites you!
* * * LOW HITPOINT WARNING * * *
You tentacle-slap the iguana but do no damage.
The iguana is almost dead.
You constrict the iguana, but do no damage.
The iguana bites you!
You die...

....# #...#
##...#
#....#
#....#
#....#
#.l.# #.@.#
#...# .
#...# #..
#)..#
#....##...#
#[.....<..#
#.........#
#.........#
#....##...#


You could see an iguana.

Vanquished Creatures
  A hound (D:3)
  4 adders
  7 worms
  A dart slug (D:1)
  3 leopard geckos (D:1)
  7 orcs (D:3)
  A ball python (D:2)
  11 bats
  2 giant cockroaches
  7 goblins
  4 hobgoblins
  4 jackals (D:1)
  2 quokkas
  3 frilled lizards
  5 kobolds
  6 rats
68 creatures vanquished.

Notes
Turn   | Place    | Note
-------+----------+-------------------------------------------
     0 | D:1      | Gorglomux the Octopode Transmuter began the quest for the Orb.
     0 | D:1      | Reached XP level 1. HP: 13/13 MP: 3/3
    61 | D:1      | You fall through a shaft!
   105 | D:2      | Reached XP level 2. HP: 10/19 MP: 3/5
   260 | D:2      | Learned a level 2 spell: Sticks to Snakes
   263 | D:2      | Reached XP level 3. HP: 8/24 MP: 3/6
   558 | D:2      | Found a burning altar of Makhleb.
  1316 | D:1      | Reached XP level 4. HP: 30/30 MP: 5/7
  1757 | D:2      | Learned a level 3 spell: Spider Form
  1785 | D:2      | Found an iron altar of Okawaru.
  1800 | D:2      | Reached skill level 4 in Unarmed Combat
  1891 | D:2      | Reached skill level 3 in Fighting
  2723 | D:3      | Reached skill level 1 in Poison Magic
  2791 | D:3      | Reached XP level 5. HP: 29/36 MP: 8/8
  3342 | D:4      | Slain by an iguana

Skill      XL: |  1  2  3  4  5 |
---------------+----------------+-----
Fighting       | 2 3 |  3.0
Unarmed Combat | 4 |  4.6
Poison Magic   | 1 2 |  2.4
Dodging        | |  2.0
Spellcasting   | |  2.0
Transmutations | |  2.0

Action                   |  1- 3 |  4- 6 || total
-------------------------+-------+-------++-------
Melee: Unarmed           |    55 |   121 ||   176
       Kick              |    16 |    15 ||    31
       Constrict         |    19 |    28 ||    47
       Tentacles         |     7 |    23 ||    30
       Punch             |     1 |       ||     1
 Cast: Beastly Appendage |    37 |    34 ||    71
       Sticks to Snakes  |     1 |       ||     1
       Spider Form       |       |     1 ||     1
  Use: Potion            |     1 |       ||     1
 Stab: Sleeping          |     7 |     2 ||     9
  Eat: Chunk             |     2 |     6 ||     8
Armor: Skin              |     5 |    16 ||    21
Dodge: Dodged            |    43 |    83 ||   126
